 Dungeon Crawl Stone Soup version 0.19-a0-1827-g174f941 (webtiles) character file.

3920 poirepourri the Thaumaturge (level 10, 0/50 HPs)
             Began as a Deep Elf Conjurer on Oct 7, 2016.
             Was an Elder of Vehumet.
             Killed from afar by Erica (16 damage)
             ... with a bolt of poison
             ... on level 8 of the Dungeon.
             The game lasted 00:17:15 (12877 turns).

poirepourri the Thaumaturge (Deep Elf Conjurer)    Turns: 12877, Time: 00:17:16

Health: 0/50       AC:  7    Str:  5    XL:     10   Next: 1%
Magic:  19/30      EV: 14    Int: 24    God:    Vehumet [****..]
Gold:   446        SH:  0    Dex: 15    Spells: 9 memorised, 11 levels left

rFire  . . .     SeeInvis +     f - +4 short sword (elec)
rCold  . . .     Gourm    .     a - +1 robe
rNeg   . . .     Faith    .     (no shield)
rPois  .         Spirit   .     t - +0 hat
rElec  .         Dismiss  .     (no cloak)
rCorr  +         Reflect  .     i - +2 pair of gloves
MR     +....     Harm     .     o - +0 pair of boots of Optaoteine {+Inv +Fly Stlth+}
Stlth  +++.......               (no amulet)
                                y - ring of resist corrosion
                                d - ring of see invisible

@: lethally poisoned (0 -> -26), about to teleport, slowed, very slow
A: no striking features
a: Renounce Religion, Evoke Invisibility, Evoke Flight


You were on level 8 of the Dungeon.
You worshipped Vehumet.
Vehumet was greatly pleased with you.
You were not hungry.

You visited 2 branches of the dungeon, and saw 9 of its levels.
You also visited: Ossuary.

You collected 446 gold pieces.

Inventory:

Hand Weapons
 f - a +4 short sword of electrocution (weapon)
Missiles
 m - 7 poisoned javelins (quivered)
Armour
 a - a +1 robe (worn)
 i - a +2 pair of gloves (worn)
 o - the +0 pair of boots of Optaoteine (worn) {+Inv +Fly Stlth+}
   (You found it on level 5 of the Dungeon)

   It lets you turn invisible.
   It lets you fly.
   It makes you more stealthy.
 t - a +0 hat (worn)
Jewellery
 d - a ring of see invisible (left hand)
 y - a ring of resist corrosion (right hand)
Wands
 v - a wand of lightning (11/15)
Scrolls
 h - 7 scrolls of remove curse
 l - a scroll of teleportation
Potions
 e - a potion of beneficial mutation {unknown}
 g - 2 potions of mutation
 j - 3 potions of curing
 k - a potion of haste
 n - 3 potions of lignification
 p - 2 potions of degeneration {unknown}
 q - a potion of might {unknown}
 r - 7 potions of agility
 s - a potion of magic {unknown}
 u - a potion of cancellation {unknown}
 z - a potion of brilliance {unknown}
 A - a potion of ambrosia {unknown}
Books
 b - a book of Conjurations

   Spells                             Type                      Level
   a - Magic Dart                     Conjuration                  1
   b - Searing Ray                    Conjuration                  2
   c - Dazzling Spray                 Conjuration/Hexes            3
   d - Fulminant Prism                Conjuration/Hexes            4
   e - Iskenderun's Mystic Blast      Conjuration                  4
   f - Iskenderun's Battlesphere      Conjuration/Charms           5
 x - a book of Air

   Spells                             Type                      Level
   a - Shock                          Conjuration/Air              1
   b - Swiftness                      Charms/Air                   2
   c - Repel Missiles                 Charms/Air                   2
   d - Static Discharge               Conjuration/Air              3
   e - Lightning Bolt                 Conjuration/Air              5
Comestibles
 c - 6 fruits
 w - a meat ration


   Skills:
 + Level 0.2 Fighting
 + Level 4.4 Dodging
 - Level 2.4 Stealth
 * Level 14.4 Spellcasting
 + Level 9.7 Conjurations
 - Level 1.1 Hexes
 + Level 0.7 Translocations
 + Level 0.2 Fire Magic


You had 11 spell levels left.
You knew the following spells:

 Your Spells              Type           Power        Failure   Level  Hunger
a - Magic Dart            Conj           ####         1%          1    None
b - Searing Ray           Conj           ######       1%          2    None
c - Dazzling Spray        Conj/Hex       #####.       1%          3    None
d - Fulminant Prism       Conj/Hex       #####.....   1%          4    None
e - Iskenderun's Mystic   Conj           ######..     1%          4    None
f - Iskenderun's Battles  Conj/Chrm      #####...     4%          5    ##.....
g - Flame Tongue          Conj/Fire      #####        1%          1    None
h - Throw Frost           Conj/Ice       #####.       1%          2    None
i - Force Lance           Conj/Tloc      #####...     1%          4    None


Dungeon Overview and Level Annotations

Branches:
Dungeon (8/15)             Temple (1/1) D:4
   Lair: D:8-11

Altars:
Ashenzari
Cheibriados
Dithmenos
Elyvilon
Gozag
Hepliaklqana
Kikubaaqudgha
Makhleb
Nemelex Xobeh
Okawaru
Qazlal
Ru
Sif Muna
Trog
Uskayaw
Vehumet
Xom
Yredelemnul
Zin
The Shining One

Annotations:
D:8 Erica


Message History

Okay, then.
Okay, then.
You feel better.
Erica points at you and mumbles some strange words.
You feel yourself slow down.
You feel better. Erica barely misses you.
As you read the scroll of teleportation, it crumbles to dust.
You feel strangely unstable.
Erica hits you with a scimitar of flaming!
Erica burns you.
* * * LOW HITPOINT WARNING * * *
You feel better.
Erica laughs wildly.
Erica gestures at you while chanting. The bolt of poison hits you!
You are poisoned.
Erica casts a spell at you. The bolt of poison hits you!
You are lethally poisoned!
You die...

.....# #.# #..........
####.#####.###..........
.>......................
##.#.#####..#..........#
.........##.#.†........#
##.......##.#.##'######
.........##.#.##.###
.........##.#.##...####
.........##...##@..#..
.........###..##@..#.###
. )..#######
#..##.###..<# .h ...#
#..##.......##...
##########
#..####.....@...
.........# #..#
#.a...##### .........#
##.# #..........
.........# .#
###.#..#... .........#
#.# ##


You could see Erica (invisible).

Vanquished Creatures
  The ghost of Kenran the Slasher, a novice HaBe of Trog (D:5)
  A troll (D:7)
  Sigmund (D:6)
  A sky beast (D:5)
  3 orc warriors
  A phantom (D:4)
  6 ogres
  A centaur (D:5)
  A big kobold (D:7)
  A bullfrog (D:6)
  4 scorpions
  12 killer bees
  4 crimson imps
  7 hounds
  A jelly (D:7)
  2 orc priests
  6 orc wizards
  2 bullfrog skeletons (D:4)
  An iguana (D:7)
  7 worker ants
  2 hound skeletons
  A worker ant zombie (D:5)
  19 adders
  14 gnolls
  A shadow imp (D:6)
  2 oozes
  8 worms
  4 dart slugs
  4 leopard geckos
  34 orcs
  6 ball pythons (D:3)
  3 bats
  3 giant cockroaches
  2 gnoll zombies (Ossuary)
  6 goblins
  9 hobgoblins
  8 jackals
  12 kobolds
  2 quokkas
  2 ball python skeletons
  4 frilled lizards
  6 gnoll skeletons (Ossuary)
  2 goblin skeletons (Ossuary)
  6 goblin zombies (Ossuary)
  A hobgoblin skeleton (Ossuary)
  3 hobgoblin zombies (Ossuary)
  7 kobold skeletons (Ossuary)
  3 kobold zombies (Ossuary)
  2 orc skeletons (Ossuary)
  3 orc zombies (Ossuary)
  13 rats
  2 rat skeletons (Ossuary)
  2 rat zombies (Ossuary)
259 creatures vanquished.

Vanquished Creatures (others)
  Menkaure (Ossuary)
  3 mummies (Ossuary)
  A gnoll zombie (Ossuary)
  A gnoll skeleton (Ossuary)
  A goblin skeleton (Ossuary)
  A goblin zombie (Ossuary)
  A hobgoblin zombie (Ossuary)
  2 kobold zombies (Ossuary)
  3 orc skeletons (Ossuary)
  An orc zombie (Ossuary)
15 creatures vanquished.

Grand Total: 274 creatures vanquished

Notes
Turn   | Place    | Note
-------+----------+-------------------------------------------
     0 | D:1      | poirepourri the Deep Elf Conjurer began the quest for the Orb.
     0 | D:1      | Reached XP level 1. HP: 10/10 MP: 6/6
   157 | D:1      | Reached XP level 2. HP: 15/15 MP: 6/8
   587 | D:1      | Learned a level 2 spell: Searing Ray
   613 | D:1      | Reached skill level 5 in Conjurations
   670 | D:1      | Reached XP level 3. HP: 12/19 MP: 0/10
   881 | D:1      | Learned a level 3 spell: Dazzling Spray
  1014 | D:2      | Found a hide-covered altar of Uskayaw.
  1015 | D:2      | Noticed a hand axe
  1016 | D:2      | Noticed a hand axe
  1083 | D:2      | Noticed a moth of wrath
  1086 | D:2      | Found a bloodstained altar of Trog.
  1245 | D:2      | Reached skill level 4 in Spellcasting
  1575 | D:2      | Reached XP level 4. HP: 24/24 MP: 9/12
  1872 | D:2      | Reached skill level 5 in Spellcasting
  2060 | D:3      | Reached XP level 5. HP: 17/28 MP: 6/14
  2092 | D:3      | Learned a level 4 spell: Fulminant Prism
  2097 | D:3      | Learned a level 4 spell: Iskenderun's Mystic Blast
  2652 | D:3      | Reached skill level 6 in Spellcasting
  2834 | D:3      | Found a shimmering altar of Xom.
  2835 | D:3      | Noticed an angel
  2836 | D:3      | Found a glowing silver altar of Zin.
  3102 | D:3      | You fall through a shaft!
  3108 | D:4      | Found a staircase to the Ecumenical Temple.
  3128 | D:4      | Noticed an ogre
  3145 | Temple   | Entered the Ecumenical Temple
  3269 | Temple   | Became a worshipper of Vehumet
  3447 | D:4      | Noticed an ogre
  3454 | D:4      | Reached XP level 6. HP: 32/32 MP: 4/17
  3457 | D:4      | Reached skill level 7 in Spellcasting
  4005 | D:4      | Reached XP level 7. HP: 36/36 MP: 2/20
  4012 | D:4      | Reached skill level 8 in Spellcasting
  4432 | D:4      | Found a shimmering altar of Xom.
  4590 | D:4      | Reached skill level 1 in Hexes
  4701 | D:4      | Reached skill level 9 in Spellcasting
  4859 | D:5      | Entered Level 5 of the Dungeon
  5109 | D:5      | Learned a level 5 spell: Iskenderun's Battlesphere
  5192 | D:5      | Got a pair of faintly humming boots
  5198 | D:5      | Identified the +0 pair of boots of Optaoteine {+Inv +Fly Stlth+} (You found it on level 5 of the Dungeon)
  5212 | D:5      | Reached * piety under Vehumet
  5212 | D:5      | Offered knowledge of Sandblast by Vehumet.
  5218 | D:5      | Reached XP level 8. HP: 38/41 MP: 9/23
  5494 | D:5      | Noticed Kenran's ghost (novice HaBe)
  5573 | D:5      | Killed Kenran's ghost
  5573 | D:5      | Reached skill level 10 in Spellcasting
  5944 | D:5      | Reached skill level 11 in Spellcasting
  7148 | D:6      | Noticed Sigmund
  7149 | D:6      | Killed Sigmund
  7149 | D:6      | Reached skill level 12 in Spellcasting
  7149 | D:6      | Reached XP level 9. HP: 45/45 MP: 13/27
  7742 | D:6      | Found an opulent altar of Gozag.
  7815 | D:6      | Found a shattered altar of Ashenzari.
  8036 | D:6      | Found an ancient bone altar of Kikubaaqudgha.
  8042 | D:6      | Found a sparkling altar of Nemelex Xobeh.
  8044 | D:6      | Found a white marble altar of Elyvilon.
  8045 | D:6      | Found a glowing golden altar of the Shining One.
  8331 | D:6      | Offered knowledge of Flame Tongue by Vehumet.
  8334 | D:6      | Learned a level 1 spell: Flame Tongue
  8861 | D:7      | Found a sacrificial altar of Ru.
  8885 | D:7      | Reached ** piety under Vehumet
  8903 | D:7      | Found a sand-covered staircase.
  8976 | Ossuary  | Entered an ossuary
  9407 | Ossuary  | Killed Menkaure
  9634 | Ossuary  | Offered knowledge of Throw Frost by Vehumet.
  9642 | Ossuary  | Learned a level 2 spell: Throw Frost
  9661 | Ossuary  | Reached *** piety under Vehumet
 10418 | D:7      | Reached skill level 13 in Spellcasting
 10595 | D:7      | Noticed a troll
 11141 | D:6      | Offered knowledge of Force Lance by Vehumet.
 11150 | D:6      | Learned a level 4 spell: Force Lance
 11333 | D:7      | Killed a troll
 11333 | D:7      | Reached skill level 14 in Spellcasting
 11527 | D:7      | Found a snail-covered altar of Cheibriados.
 12195 | D:8      | Reached **** piety under Vehumet
 12854 | D:8      | Noticed Erica
 12863 | D:8      | Reached XP level 10. HP: 48/50 MP: 26/30
 12877 | D:8      | Killed from afar by Erica

Vault maps used:
D:1:      lightli_arrival_isolated_outpost, hex_medium
D:2:      tgw_trog, dancing_weapons_uskayaw, minmay_stone_trees_medium,
          minmay_heptomino_h4
D:3:      grunt_temple_overflow_order_and_chaos_1, minmay_shallow_snake_nest
D:4:      xom_teletrap_fun
D:5:      first_bread
D:6:      minitemple, lemuel_round_altar,
          nicolae_gozag_cash_rules_everything_around_me, uniq_sigmund
D:7:      nicolae_ru_awakened_eye, cheibrodos_worm_habitat, enter_ossuary_1,
          grunt_potential
D:8:      uniq_erica, uniq_psyche
Temple:   compressed_dpeg_triangle_lava_temple
Ossuary:  ossuary_due_pyramid

Skill      XL: |  1  2  3  4  5  6  7  8  9 |
---------------+----------------------------+-----
Conjurations   | 5 6 7 8 9 |  9.7
Spellcasting   | 4 5 6 7 9 12 14 | 14.4
Dodging        | 3 4 |  4.4
Hexes          | 1 |  1.1
Fighting       | |  0.2
Stealth        | |  2.4
Translocations | |  0.7
Fire Magic     | |  0.2

Action                   |  1- 3 |  4- 6 |  7- 9 | 10-12 || total
-------------------------+-------+-------+-------+-------++-------
Melee: Short sword       |       |    15 |     7 |       ||    22
 Cast: Magic Dart        |    78 |    80 |   198 |       ||   356
       Searing Ray       |     4 |    10 |    33 |     2 ||    49
       Dazzling Spray    |       |     4 |     3 |       ||     7
       Iskenderun's Myst |       |     8 |   105 |       ||   113
       Iskenderun's Batt |       |       |     1 |       ||     1
       Force Lance       |       |       |    11 |       ||    11
       Flame Tongue      |       |       |     4 |       ||     4
  Use: Scroll            |     3 |     2 |    13 |     1 ||    19
       Potion            |     1 |       |     3 |     3 ||     7
  Eat: Meat ration       |     1 |       |     1 |       ||     2
       Bread ration      |       |     2 |     4 |       ||     6
       Fruit             |       |       |     4 |       ||     4
Armor: Robe              |     5 |    13 |    23 |       ||    41
Dodge: Dodged            |    11 |    29 |    65 |     7 ||   112
